 Dungeon Crawl Stone Soup version 0.31.0-12-g77e489cdc1 (webtiles) character file.

Game seed: 12372882759496119762

11480 sheffield53 the Cleaver (level 11, -2/151 HPs)
             Began as a Minotaur Berserker on Mar 6, 2024.
             Was a High Priest of Trog.
             Slain by a death knight
             ... wielding a +4 vampiric halberd
              (10 damage)
             ... on level 10 of the Dungeon.
             The game lasted 00:23:52 (9331 turns).

sheffield53 the Cleaver (Minotaur Berserker)        Turns: 9331, Time: 00:23:52

Health: -2/151     AC: 25    Str: 33    XL:     11   Next: 49%
Magic:  10/10      EV:  2    Int:  4    God:    Trog [*****.]
Gold:   495        SH:  0    Dex:  9    Spells: 10/10 levels left

rFire   . . .        y - +0 war axe
rCold   . . .        (no shield)
rNeg    . . .        i - melded +0 plate armour
rPois   +            (helmet currently unavailable)
rElec   .            o - melded +0 cloak
rCorr   .            (gloves currently unavailable)
SInv    .            v - melded +0 pair of boots
Will    .....        (no amulet)
Stlth   ++           E - +5 ring of evasion
HPRegen 0.45/turn    x - +6 ring of strength
MPRegen 0.12/turn

%: no passive effects
@: mighty, tree-form, on berserk cooldown, slowed, very slow
A: stationary, stasis, torment immunity, boosted hp, (horns 2), (retaliatory
headbutt)
a: Renounce Religion, Berserk, Trog's Hand, Brothers in Arms


You were on level 10 of the Dungeon.
You worshipped Trog.
Trog was extremely pleased with you.
You were a tree.
You visited 1 branch of the dungeon, and saw 10 of its levels.

You collected 495 gold pieces.

Inventory:

Hand Weapons
 y - a +0 war axe (weapon)
Missiles
 B - a throwing net (quivered)
Armour
 i - a +0 plate armour (melded)
 o - a +0 cloak (melded)
 v - a +0 pair of boots (melded)
Jewellery
 b - a ring of see invisible
 m - a ring of resist corrosion
 n - a ring of positive energy
 x - a +6 ring of strength (right branch)
 E - a +5 ring of evasion (left branch)
 G - a +4 ring of protection
 K - an amulet of guardian spirit
Wands
 w - a wand of iceblast (16)
 D - a wand of polymorph (8)
 F - a wand of flame (23)
 J - a wand of paralysis (6)
Scrolls
 c - 4 scrolls of vulnerability {unknown}
 d - 3 scrolls of blinking {unknown}
 g - 2 scrolls of teleportation {unknown}
 h - 4 scrolls of enchant weapon
 j - a scroll of poison {unknown}
 k - 2 scrolls of immolation {unknown}
 p - 3 scrolls of enchant armour
 q - a scroll of brand weapon {unknown}
 u - 2 scrolls of noise {unknown}
 A - a scroll of revelation {unknown}
 H - 2 scrolls of identify
 I - a scroll of fear {unknown}
Potions
 a - 2 potions of brilliance
 e - a potion of curing
 f - a potion of lignification
 l - 3 potions of might
 r - 2 potions of enlightenment
 s - 4 potions of degeneration {unknown}
 t - a potion of attraction {unknown}
 z - 2 potions of haste {unknown}
 C - 2 potions of resistance


   Skills:
 + Level 10.5 Fighting
 + Level 14.9 Axes
 + Level 11.0 Armour
 + Level 6.6 Dodging
 + Level 2.1 Stealth


You had 10 spell levels left.
You didn't know any spells.
Your spell library was empty.

Dungeon Overview and Level Annotations

Branches:
Dungeon (10/15)            Temple (0/1) D:5            Lair (0/5) D:10
    Orc (0/2) D:9

Altars:
Ashenzari
Cheibriados
Fedhas
Hepliaklqana
Okawaru
Qazlal
Sif Muna
Trog
Uskayaw
Vehumet
Xom
Yredelemnul
Zin
The Shining One

Shops:
D:3 *

Annotations:
D:6 1 runed translucent door, Lhightning's ghost, novice HOFi


Innate Abilities, Weirdness & Mutations

You are a tree.
Your roots penetrate the ground, keeping you stationary.
You cannot be teleported.
You are immune to unholy pain and torment.
Your maximum health is greatly increased.
Your equipment is partially melded.
((You have a pair of horns on your head.))
((You reflexively headbutt those who attack you in melee.))


Message History

Trog accepts your kill.
The death knight hits you from afar with a +4 vampiric halberd!
* * * LOW HITPOINT WARNING * * *
The orc warrior hits you but does no damage.
The tengu warrior hits you with a +0 great sword.
* * * LOW HITPOINT WARNING * * *
The tengu warrior pecks you but does no damage.
The tengu warrior claws you.
* * * LOW HITPOINT WARNING * * *
You slice the tengu warrior!!
You kill the tengu warrior!
Trog accepts your kill.
You hit the orc warrior.
The death knight hits you from afar with a +4 vampiric halberd!
* * * LOW HITPOINT WARNING * * *
The orc warrior hits you but does no damage.
Your Armour skill increases to level 11!
You completely miss the orc warrior.
The orc warrior is severely wounded.
The death knight's dark mirror aura disappears.
The death knight hits you but does no damage.
The orc warrior hits you but does no damage.
The death knight hits you from afar with a +4 vampiric halberd!
* * * LOW HITPOINT WARNING * * *
The orc warrior hits you but does no damage.
Unknown command.
Unknown command.
Unknown command.
Unknown command.
Unknown command.
Unknown command.
You slice the orc warrior!!
You kill the orc warrior!
Trog accepts your kill.
The death knight hits you but does no damage.
You feel better.
The death knight hits you but does no damage.
You cannot move.
The death knight hits you from afar with a +4 vampiric halberd!
You die...

#........... ##...#
##...###.... ....
##..###.... ...
###..##.... #.#
#.##.##.... ###.###
#.#........ #
#.....###.##.#.....
#...##...).##...#'##....
.....p(♣)))[......)##...
#...##)$)..##...#### ...
# #.....###.##.# .#
###.### #.#....# # #.#
#[##.#... ... ###....#
.... .#.## ##...# .


You could see a death knight.

Vanquished Creatures
  An ogre mage (D:10)
  A boulder beetle (D:10)
  A centaur warrior (D:10)
  A two-headed ogre (D:10)
  3 death yaks
  A tengu warrior (D:10)
  A cyclops (D:10)
  A kobold demonologist (D:9)
  A tengu conjurer (D:10)
  A troll (D:10)
  2 hornets
  2 yaks
  A wraith (D:9)
  A wyvern (D:10)
  A warg (D:9)
  2 steam dragons
  2 water moccasins
  Duvessa (D:5)
  3 sky beasts
  2 black bears
  4 orc warriors
  5 centaurs
  A phantom (D:7)
  Blork the orc (D:6)
  A kobold brigand (D:5)
  A scorpion (D:6)
  2 bullfrogs
  12 wights
  Dowan (D:5)
  8 killer bees
  3 howler monkeys
  A bombardier beetle (D:5)
  4 jellies
  8 orc priests
  3 hounds
  Ijyb (D:4)
  2 gnoll boudas
  2 sleepcaps
  7 iguanas
  11 orc wizards
  15 gnolls
  7 adders
  A white imp (D:6)
  An ufetubus (D:7)
  2 dart slugs
  2 ribbon worms
  36 orcs
  5 ball pythons
  4 endoplasms
  6 giant cockroaches
  5 goblins
  5 hobgoblins
  3 jackals (D:5)
  11 kobolds
  A quokka (D:2)
  5 bats
  8 frilled lizards
  7 rats
231 creatures vanquished.

Notes
Turn   | Place    | Note
-------+----------+-------------------------------------------
     0 | D:1      | sheffield53 the Minotaur Berserker began the quest for the
                  | Orb.
     0 | D:1      | Reached XP level 1. HP: 19/19 MP: 0/0
   167 | D:1      | Reached XP level 2. HP: 18/27 MP: 1/1
   288 | D:1      | Reached skill level 4 in Axes
   601 | D:2      | Reached XP level 3. HP: 29/34 MP: 2/2
   602 | D:2      | Reached ** piety under Trog
   606 | D:2      | Reached XP level 4. HP: 20/41 MP: 3/3
  1678 | D:3      | Found Pithur Edghu's Assorted Antiques.
  1969 | D:4      | Noticed Ijyb
  1974 | D:4      | Killed Ijyb
  1975 | D:4      | Reached skill level 5 in Axes
  1975 | D:4      | Reached XP level 5. HP: 45/45 MP: 4/4
  2243 | D:4      | Reached skill level 5 in Fighting
  2638 | D:5      | Entered Level 5 of the Dungeon
  2684 | D:5      | Found a staircase to the Ecumenical Temple.
  2696 | D:5      | Noticed a black bear
  2700 | D:5      | Killed a black bear
  2701 | D:5      | Reached XP level 6. HP: 56/56 MP: 5/5
  2910 | D:5      | Noticed Duvessa
  2910 | D:5      | Noticed Dowan
  2913 | D:5      | Killed Duvessa
  2914 | D:5      | Reached skill level 6 in Axes
  2926 | D:5      | Killed Dowan
  2927 | D:5      | Reached skill level 1 in Stealth
  3017 | D:5      | Reached XP level 7. HP: 60/60 MP: 6/6
  3135 | D:5      | Found a glowing silver altar of Zin.
  3377 | D:5      | Found a bloodstained altar of Trog.
  3397 | D:5      | Reached *** piety under Trog
  3677 | D:5      | Reached skill level 5 in Armour
  3860 | D:5      | Reached skill level 7 in Axes
  3978 | D:6      | Noticed Blork the orc
  3981 | D:6      | Noticed a hornet
  3985 | D:6      | Killed Blork the orc
  3987 | D:6      | Paralysed by a hornet for 2 turns
  3990 | D:6      | Killed a hornet
  3991 | D:6      | Reached skill level 8 in Axes
  3991 | D:6      | Reached XP level 8. HP: 16/70 MP: 7/7
  4670 | D:6      | Found a glowing golden altar of the Shining One.
  4674 | D:6      | Found a runed translucent door.
  4683 | D:6      | Noticed Lhightning's ghost (novice HOFi)
  4779 | D:6      | Reached skill level 9 in Axes
  5025 | D:7      | Reached skill level 5 in Dodging
  5028 | D:7      | Reached skill level 10 in Axes
  5068 | D:7      | Reached XP level 9. HP: 78/78 MP: 8/8
  5238 | D:7      | Found a shimmering altar of Xom.
  5257 | D:7      | Reached **** piety under Trog
  5799 | D:7      | Reached skill level 11 in Axes
  6945 | D:8      | Reached skill level 12 in Axes
  7274 | D:9      | Reached ***** piety under Trog
  7319 | D:9      | Reached XP level 10. HP: 72/88 MP: 9/9
  7785 | D:9      | Found a staircase to the Orcish Mines.
  8162 | D:9      | Found a blossoming altar of Fedhas.
  8162 | D:9      | Found a basalt altar of Yredelemnul.
  8162 | D:9      | Found a shimmering blue altar of Sif Muna.
  8166 | D:9      | Found a hazy altar of Hepliaklqana.
  8167 | D:9      | Found a hide-covered altar of Uskayaw.
  8169 | D:9      | Found a snail-covered altar of Cheibriados.
  8170 | D:9      | Found a broken altar of Ashenzari.
  8172 | D:9      | Found a stormy altar of Qazlal.
  8176 | D:9      | Found a radiant altar of Vehumet.
  8177 | D:9      | Found an iron altar of Okawaru.
  8279 | D:10     | Entered Level 10 of the Dungeon
  8282 | D:10     | Noticed a two-headed ogre
  8294 | D:10     | Killed a two-headed ogre
  8295 | D:10     | Reached skill level 13 in Axes
  8437 | D:10     | Noticed a centaur warrior
  8444 | D:10     | Killed a centaur warrior
  8579 | D:10     | Noticed a death yak
  8604 | D:10     | Noticed a sixfirhy
  8606 | D:10     | Killed a death yak
  8802 | D:10     | Noticed a death yak
  8815 | D:10     | Noticed a death yak
  8865 | D:9      | Killed a death yak
  8866 | D:9      | Reached skill level 14 in Axes
  8866 | D:9      | Reached skill level 10 in Armour
  8866 | D:9      | Reached XP level 11. HP: 69/99 MP: 10/10
  8959 | D:9      | Killed a death yak
  9054 | D:10     | Found a staircase to the Lair.
  9171 | D:10     | Noticed a boulder beetle
  9190 | D:10     | Killed a boulder beetle
  9191 | D:10     | Reached skill level 10 in Fighting
  9294 | D:10     | Noticed an ogre mage
  9310 | D:10     | Killed an ogre mage
  9316 | D:10     | Noticed a tengu warrior
  9318 | D:10     | Noticed a death knight
  9327 | D:10     | Killed a tengu warrior
  9328 | D:10     | HP: 1/151 [death knight/+4 vampiric halberd (17)]
  9331 | D:10     | Slain by a death knight

Illustrated notes

Levels and vault maps discovered:
D:1:      dpeg_arrival_shelter, layout_rooms
D:2:      minmay_general_purpose_star, layout_basic
D:3:      layout_rooms, serial_shops, shop, serial_bayou_pond_e,
          minmay_misc_feat_rows
D:4:      layout_loops_ring, wad_floor_pattern_untrapped, minmay_distorted,
          uniq_ijyb
D:5:      layout_basic, nicolae_overflow_hidden_temple, zin_scriptorium,
          minmay_temple_entry_wispy, minmay_checkerbox, uniq_duvessa
D:6:      layout_rooms, tso_metal_star, ebering_ghost_sewer_d, serial_rivers,
          chequers_serial_rivers_large_a, chequers_serial_rivers_micro_c,
          chequers_serial_rivers_micro_e, chequers_serial_rivers_micro_c,
          chequers_serial_rivers_large_b, chequers_serial_rivers_marsh,
          uniq_blork_the_orc
D:7:      layout_gridville, xom_butterflies, minmay_misc_feat_four_crosses,
          grunt_tough_drop
D:8:      layout_loops_corners, chequers_serial_rivers_micro_a
D:9:      layout_cave_pods, nicolae_overflow_hallway_of_the_gods, erik_orc_4
D:10:     layout_small_grid, dpeg_lair_monsters, serial_rivers,
          chequers_serial_rivers_micro_b, chequers_serial_rivers_micro_d,
          chequers_serial_rivers_micro_e, chequers_serial_rivers_micro_a,
          chequers_serial_rivers_marsh, chequers_serial_rivers_marsh,
          minmay_fractal_squares_gapless_7

Skill      XL: |  1  2  3  4  5  6  7  8  9 10 11 |
---------------+----------------------------------+-----
Fighting       | 4 5 6 8 9 10 | 10.5
Axes           | 4 5 6 8 10 12 14 | 14.9
Dodging        | 3 4 5 6 |  6.6
Armour         | 3 4 5 7 8 10 11 | 11.0
Stealth        | 1 2 |  2.1

Action                     |  1- 3 |  4- 6 |  7- 9 | 10-12 || total
---------------------------+-------+-------+-------+-------++-------
  Melee: Hand axe          |    43 |    88 |       |       ||   131
         Headbutt          |     5 |    23 |    40 |    32 ||   100
         War axe           |       |    28 |   210 |   148 ||   386
         Punch             |       |     1 |       |       ||     1
 Invoke: Berserk           |     1 |     4 |       |     2 ||     7
         Trog's Hand       |       |       |     2 |     1 ||     3
    Use: Potion            |       |       |     2 |     3 ||     5
         Scroll            |       |       |     6 |       ||     6
   Stab: Distracted        |     1 |       |       |       ||     1
 Armour: Animal skin       |    29 |     7 |       |       ||    36
         Ring mail         |       |    57 |   120 |       ||   177
         Chain mail        |       |       |    62 |    49 ||   111
         Plate armour      |       |       |       |    60 ||    60
         Skin              |       |       |       |    20 ||    20
  Dodge: Dodged            |    45 |    53 |   202 |   145 ||   445
